 Dungeon Crawl Stone Soup version 0.31-a0-1540-g5a0b83f448 (webtiles) character file.

Game seed: 2993263976103666882

45384 browni3141 the Brawler (level 14, -9/112 (116) HPs)
             Began as a Formicid Shapeshifter on Jan 1, 2024.
             Was an Elder of Ru.
             Mangled by a large abomination (27 damage)
             ... on level 2 of the Abyss.
             The game lasted 00:36:04 (13808 turns).

browni3141 the Brawler (Formicid Shapeshifter)     Turns: 13808, Time: 00:36:05

HP:   -9/112 (116)  AC: -5    Str: 22    XL:     14   Next: 70%
MP:   8/12          EV: 16    Int: 11    God:    Ru [****..]
Gold: 662           SH:  0    Dex: 17    Spells: 13/13 levels left

rFire   . .          .
                       - Unarmed
rCold   . . .        h - orb {light}
rNeg    . . .        F - +0 ring mail of Oviwykh {Regen+ Str+3 Slay+3}
rPois   +            (helmet unavailable)
rElec   .            (cloak currently unavailable)
rCorr   .            (gloves currently unavailable)
SInv    +            (boots currently unavailable)
Will    ++...        (no amulet)
Stlth   +            u - ring of poison resistance
HPRegen 1.18/turn    L - +4 ring of protection
MPRegen 0.13/turn

%: clarity
@: exhausted, beast-form, corroded, enlightened, flying, glowing, lightly
drained
A: beast (slay +4), permanent stasis, dig shafts and tunnels, antennae 3, low MP
1, inability to use devices, no hexes magic, no ice magic, no translocations
magic, disrupted magic 1, four strong arms, clarity
a: Dig, Shaft Self, Begin Untransformation, Renounce Religion, Draw Out Power,
Power Leap


You were on level 2 of the Abyss.
You worshipped Ru.
Ru was greatly pleased with you.
You were a hulking beast.
You visited 3 branches of the dungeon, and saw 15 of its levels.
You visited the Abyss 1 time.

You collected 1808 gold pieces.
You spent 1146 gold pieces at shops.

Inventory:

Hand Weapons
 a - a +4 sling of flaming
 s - the +7 dagger of a wizard's laboratory {spect, rElec rN+ Str+4 Stlth-}
   (You found it on level 5 of the Dungeon)

   Str+4:     It affects your strength (+4).
   rElec:     It insulates you from electricity.
   rN+:       It protects you from negative energy.
   Stlth-:    It makes you less stealthy.
Missiles
 V - a curare-tipped dart
Armour
 f - a +0 leather armour
 g - a +0 scale mail
 h - an orb of light (worn)
 j - a +0 animal skin
 t - a +0 chain mail
 w - the -1 pair of gloves "Pid Zix" {rF+}
   (You found it on level 4 of the Dungeon)

   rF+:       It protects you from fire.
 x - the +4 leather armour of the Ninety-Nine Realms {Regen+ Str-5 Stlth+}
   (You found it on level 4 of the Dungeon)

   Str-5:     It affects your strength (-5).
   Regen+:    It increases your rate of health regeneration.
   Stlth+:    It makes you more stealthy.
 A - a +0 pair of gloves
 F - the +0 ring mail of Oviwykh (worn) {Regen+ Str+3 Slay+3}
   (You found it on level 6 of the Dungeon)

   Str+3:     It affects your strength (+3).
   Slay+3:    It affects your accuracy & damage with ranged weapons and melee
   (+3).
   Regen+:    It increases your rate of health regeneration.
 H - the +6 scale mail of Leaves {Str+4 Dex+2}
   (You took it off an orc on level 6 of the Dungeon)

   Str+4:     It affects your strength (+4).
   Dex+2:     It affects your dexterity (+2).
 S - a +1 pair of gloves
Jewellery
 u - a ring of poison resistance (left hand)
 L - a +4 ring of protection (right hand)
Talismans
 c - a beast talisman (active)
 d - a flux talisman
 m - the blade talisman of the Blessed Realm {rF+}
   (You bought it in a shop on level 9 of the Dungeon)

   [blade talisman]

   rF+:       It protects you from fire.
Wands
 O - a wand of flame (8)
 T - a wand of paralysis (3)
Scrolls
 i - 3 scrolls of amnesia
 l - a scroll of torment
 o - 8 scrolls of teleportation
 q - 4 scrolls of blinking
 v - 3 scrolls of revelation
 y - a scroll of enchant weapon
 B - a scroll of noise
 C - 2 scrolls of vulnerability
 D - a scroll of fog
 G - a scroll of silence {unknown}
 I - 3 scrolls of immolation {unknown}
 K - 3 scrolls of fear {unknown}
 M - 2 scrolls of enchant armour {unknown}
 P - 3 scrolls of summoning {unknown}
 W - a scroll of poison {unknown}
 X - 2 scrolls of identify
Potions
 b - 2 potions of lignification
 e - a potion of resistance
 k - 2 potions of ambrosia
 n - 4 potions of brilliance {unknown}
 p - 4 potions of degeneration {unknown}
 z - a potion of mutation
 E - a potion of cancellation {unknown}
 J - a potion of attraction {unknown}
 N - a potion of haste {unknown}
 Q - a potion of enlightenment
 R - a potion of might {unknown}
 U - a potion of magic {unknown}


   Skills:
 + Level 12.7 Fighting
 + Level 8.1 Armour
 * Level 8.8 Dodging
 * Level 16.2 Unarmed Combat
 * Level 9.6 Shapeshifting


You had 13 spell levels left.
You didn't know any spells.
Your spell library contained the following spells:

 Spells                   Type           Power      Damage    Failure   Level
 Magic Dart               Conj           0%         1d3       56%         1
 Mercury Vapours          Alch/Air       0%         N/A       71%         2
 Searing Ray              Conj           0%         2d4       71%         2
 Call Canine Familiar     Summ           0%         N/A       89%         3
 Mephitic Cloud           Conj/Alch/Air  0%         N/A       89%         3
 Brom's Barrelling Bould  Conj/Erth      0%         2d3       99%         4
 Fulminant Prism          Conj/Alch      0%         3d5       99%         4
 Fireball                 Conj/Fire      0%         3d3       100%        5
 Iskenderun's Battlesphe  Conj           0%         2d6       100%        5
 Conjure Ball Lightning   Conj/Air       0%         3x3d6     100%        6
 Orb of Destruction       Conj           0%         9d5       100%        7
 Sigil of Binding         Hex            Unusable   N/A       N/A         3
 Tukima's Dance           Hex            Unusable   N/A       N/A         3
 Dimensional Bullseye     Hex/Tloc       Unusable   N/A       N/A         4
 Iskenderun's Mystic Bla  Conj/Tloc      Unusable   2d3       N/A         4
 Freezing Cloud           Conj/Ice/Air   Unusable   6-21      N/A         5

Dungeon Overview and Level Annotations

Branches:
Dungeon (11/15)            Temple (1/1) D:6            Lair (3/5) D:9
 Shoals (0/4) Lair:3       Spider (0/4) Lair:3
    Orc: D:9-12

Altars:
Ashenzari
Cheibriados
Dithmenos
Elyvilon
Fedhas
Gozag
Hepliaklqana
Kikubaaqudgha
Makhleb
Nemelex Xobeh
Okawaru
Qazlal
Ru
Sif Muna
Trog
Uskayaw
Vehumet
Wu Jian
Xom
Yredelemnul
Zin
The Shining One

Shops:
D:5 ?   D:9 *   D:11 :

Annotations:
D:7 exclusion: downstairs
Lair:3 Sonja


Innate Abilities, Weirdness & Mutations

You are a hulking beast.
Your limbs bulge with bestial killing power. (Slay +4)
You cannot be hasted, slowed, berserked, paralysed or teleported.
You can dig through walls and to a lower floor.
You have a pair of large antennae on your head. (SInv)
Your magical capacity is low. (-10% MP)
You cannot study or use magical devices.
You cannot study or cast Hexes magic.
You cannot study or cast Ice magic.
You cannot study or cast Translocations magic.
Your casting is slightly disrupted.
Your four strong arms can wield two-handed weapons with a shield.
You possess an exceptional clarity of mind.


Message History

The rust devil is almost dead.
The rust devil hits you.
* * * LOW HITPOINT WARNING * * *
The rust devil corrodes you!
You focus your inner power and illuminate the rust devil in retribution!
Unknown command.
You hit the rust devil.
You kill the rust devil!
Unknown command.
You start resting.
You sense a monster nearby.
You start resting.
A large abomination comes into view.
Aiming: Power Leap
Press: ? - help, Dir - move target The large abomination attacks as it pursues you!
The large abomination hits you!
* * * LOW HITPOINT WARNING * * *
It was a potion of enlightenment.
You feel very buoyant.
You fly up into the air.
The large abomination barely misses you.
Unknown command.
It was a potion of mutation.
You feel extremely strange.
Your thoughts seem clearer.
The large abomination closely misses you.
Okay, then.
You feel better. The large abomination hits you.
* * * LOW HITPOINT WARNING * * *
Unknown command.
The large abomination attacks as it pursues you!
The large abomination barely misses you.
The large abomination attacks as it pursues you!
The large abomination hits you!
* * * LOW HITPOINT WARNING * * *
You focus your inner power and slow the large abomination in retribution!
Unknown command.
The large abomination attacks as it pursues you!
The large abomination hits you!!
You die...

# ## .##..# # .
.## .....##
##.#### ..# #
..##.#.##.. # #
#.##.#.#.## .
.. # #...#.###
.##. #.## .# .
#.X# #.# # #
##h# ..
#.........#
....##.###...##
## #.# ..# , ..
# ## .#. ###


You could see a large abomination (slow).

Vanquished Creatures
  A tentacled starspawn (Abyss:2)
  A hydra (Lair:3)
  An ogre mage (D:11)
  9 death yaks
  2 two-headed ogres
  A thrashing horror (Abyss:2)
  2 skysharks
  An orb spider (Lair:3)
  2 deep elf pyromancers (D:9)
  2 manticores
  2 cyclopes (D:11)
  4 large abominations (Abyss:2)
  A smoke demon (Abyss:2)
  3 rust devils
  2 gargoyles (D:11)
  13 cane toads
  A kobold demonologist (D:11)
  7 komodo dragons
  A tengu conjurer (D:11)
  4 trolls
  3 hornets
  A polar bear (Lair:1)
  6 blink frogs
  A centaur simulacrum (D:11)
  A shadow (D:11)
  4 slime creatures (D:9)
  3 wraiths (D:11)
  A shapeshifter (Abyss:2)
  A ynoxinul (D:9)
  2 water elementals (D:9)
  3 wyverns
  A vampire (D:9)
  47 yaks
  4 steam dragons
  An alligator snapping turtle simulacrum (Abyss:2)
  2 basilisks
  A warg (D:9)
  10 vampire mosquitoes
  2 chaos spawn
  3 acid dragons
  9 water moccasins
  3 sky beasts
  An orc warrior (D:6)
  5 black bears
  An ogre (D:7)
  7 centaurs
  17 wolves
  2 phantoms
  2 kobold brigands
  A weeping skull (Abyss:2)
  2 scorpions
  A gnoll sergeant (D:9)
  11 bullfrogs
  13 wights
  7 killer bees
  2 vampire bats (Lair:3)
  7 electric eels
  4 howler monkeys
  4 crimson imps (D:6)
  2 bombardier beetles (D:5)
  5 quasits
  5 hounds
  8 jellies
  9 orc priests
  A sleepcap (D:8)
  7 iguanas
  8 orc wizards
  7 hell rats (Lair:2)
  A statue (D:9)
  14 gnolls
  4 adders
  4 ufetubi
  2 ribbon worms
  33 orcs
  2 bat zombies (D:4)
  2 endoplasms
  A giant cockroach (D:4)
  10 goblins
  5 hobgoblins
  4 jackals (D:5)
  11 kobolds
  A quokka (D:3)
  4 ball pythons
  12 bats
  6 frilled lizards
  4 rats
  A starspawn tentacle (Abyss:2)
429 creatures vanquished.

Vanquished Creatures (others)
  A howler monkey (D:9)
  2 starspawn tentacles (Abyss:2)
3 creatures vanquished.

Grand Total: 432 creatures vanquished

Notes
Turn   | Place    | Note
-------+----------+-------------------------------------------
     0 | D:1      | browni3141 the Formicid Shapeshifter began the quest for
                  | the Orb.
     0 | D:1      | Reached XP level 1. HP: 15/15 MP: 1/1
   282 | D:1      | Reached XP level 2. HP: 21/21 MP: 2/2
   462 | D:1      | Reached skill level 1 in Armour
   778 | D:2      | Reached XP level 3. HP: 26/26 MP: 3/3
  1656 | D:3      | Found a glowing silver altar of Zin.
  1672 | D:3      | Found a faded altar of an unknown god.
  2066 | D:3      | Reached XP level 4. HP: 32/32 MP: 4/4
  2389 | D:4      | Identified the -1 pair of gloves "Pid Zix" {rF+}
  2403 | D:4      | Identified the +4 leather armour of the Ninety-Nine Realms
                  | {Regen+ Str-5 Stlth+}
  2428 | D:4      | Found a bloodstained altar of Trog.
  2491 | D:4      | Reached XP level 5. HP: 37/37 MP: 5/5
  2533 | D:4      | Noticed a black bear
  2679 | D:4      | Noticed a phantom
  2695 | D:4      | Killed a phantom
  2696 | D:4      | Reached XP level 6. HP: 43/43 MP: 1/6
  3127 | D:4      | Found an ancient bone altar of Kikubaaqudgha.
  3284 | D:5      | Entered Level 5 of the Dungeon
  3383 | D:5      | Reached XP level 7. HP: 49/49 MP: 7/7
  3440 | D:5      | Identified the +7 dagger of a wizard's laboratory {spect,
                  | rElec rN+ Str+4 Stlth-}
  3541 | D:5      | Reached skill level 4 in Unarmed Combat
  3760 | D:5      | Found Gefeq's Magic Scroll Emporium.
  3765 | D:5      | Bought a scroll of identify for 26 gold pieces
  3765 | D:5      | Bought a scroll of noise for 13 gold pieces
  3765 | D:5      | Bought a scroll of identify for 26 gold pieces
  3765 | D:5      | Bought a scroll of vulnerability for 52 gold pieces
  3765 | D:5      | Bought a scroll of fog for 52 gold pieces
  3974 | D:5      | Reached skill level 5 in Shapeshifting
  3974 | D:5      | Found an iron altar of Okawaru.
  3984 | D:5      | Reached XP level 8. HP: 57/57 MP: 8/8
  4227 | D:6      | Reached skill level 5 in Unarmed Combat
  4283 | D:6      | Identified the +0 ring mail of Oviwykh {Regen+ Str+3
                  | Slay+3}
  4499 | D:6      | Reached skill level 6 in Unarmed Combat
  4526 | D:6      | Identified the +6 scale mail of Leaves {Str+4 Dex+2}
  4529 | D:6      | Reached XP level 9. HP: 30/65 MP: 9/9
  4611 | D:6      | Found a staircase to the Ecumenical Temple.
  4626 | Temple   | Entered the Ecumenical Temple
  4641 | Temple   | Became a worshipper of Ru the Awakened
  4744 | D:6      | Found an ornate altar of the Wu Jian Council.
  4778 | D:6      | Found a shimmering altar of Xom.
  4789 | D:6      | Reached skill level 5 in Armour
  4992 | D:7      | Reached skill level 5 in Fighting
  4992 | D:7      | Reached skill level 7 in Unarmed Combat
  5200 | D:7      | Found a shadowy altar of Dithmenos.
  5204 | D:7      | Found a hide-covered altar of Uskayaw.
  5209 | D:7      | Found a basalt altar of Yredelemnul.
  5219 | D:7      | Found a white marble altar of Elyvilon.
  5474 | D:7      | Found a sparkling altar of Nemelex Xobeh.
  5521 | D:8      | Noticed a two-headed ogre
  5540 | D:8      | Killed a two-headed ogre
  5541 | D:8      | Reached skill level 8 in Unarmed Combat
  5541 | D:8      | Reached XP level 10. HP: 64/77 MP: 10/10
  5600 | D:7      | Reached skill level 9 in Unarmed Combat
  5823 | D:8      | Gained mutation: Your casting is slightly disrupted. [Ru
                  | sacrifice]
  6063 | D:8      | Reached skill level 10 in Unarmed Combat
  6664 | D:9      | Noticed a rust devil
  6798 | D:9      | Reached skill level 11 in Unarmed Combat
  6798 | D:9      | Reached XP level 11. HP: 50/86 MP: 11/11
  6891 | D:9      | Noticed a manticore
  6898 | D:9      | Killed a manticore
  6958 | D:9      | Reached skill level 12 in Unarmed Combat
  7018 | D:9      | Found Elickuer's Assorted Antiques.
  7022 | D:9      | Noticed a deep elf pyromancer
  7043 | D:9      | Found the +5 scythe "Finisher" {speed, execute}
  7070 | D:9      | Killed a deep elf pyromancer
  7272 | D:9      | Bought a scroll labelled QEEGIR FIMUINU for 29 gold pieces
  7272 | D:9      | Bought a sedimented sapphire potion for 26 gold pieces
  7276 | D:9      | Noticed a deep elf pyromancer
  7286 | D:9      | Killed a deep elf pyromancer
  7463 | D:9      | Reached skill level 10 in Fighting
  7472 | D:9      | Found a staircase to the Lair.
  7523 | D:9      | Reached skill level 13 in Unarmed Combat
  7712 | D:9      | Found a radiant altar of Vehumet.
  7746 | D:9      | Reached XP level 12. HP: 77/98 MP: 12/12
  7842 | D:9      | Gained mutation: You cannot study or use magical devices.
                  | [Ru sacrifice]
  7842 | D:9      | Reached * piety under Ru
  7842 | D:9      | Reached ** piety under Ru
  8278 | D:10     | Entered Level 10 of the Dungeon
  8295 | D:10     | Found a snail-covered altar of Cheibriados.
  8746 | D:10     | Reached skill level 14 in Unarmed Combat
  8887 | D:10     | Found a burning altar of Makhleb.
  9137 | D:11     | Noticed an ogre mage
  9152 | D:11     | Killed an ogre mage
  9447 | D:11     | Reached skill level 5 in Dodging
  9867 | D:11     | Found Piunuri's Self-Improvement Boutique.
  9881 | D:11     | Noticed a two-headed ogre
  9892 | D:11     | Killed a two-headed ogre
  9899 | D:11     | Reached XP level 13. HP: 83/106 MP: 13/13
 10296 | Lair:1   | Entered Level 1 of the Lair of Beasts
 10404 | Lair:1   | Gained mutation: You cannot study or cast Ice magic. [Ru
                  | sacrifice]
 10404 | Lair:1   | Gained mutation: You cannot study or cast Hexes magic. [Ru
                  | sacrifice]
 10404 | Lair:1   | Gained mutation: You cannot study or cast Translocations
                  | magic. [Ru sacrifice]
 10404 | Lair:1   | Reached *** piety under Ru
 10537 | Lair:1   | Reached skill level 15 in Unarmed Combat
 10690 | Lair:1   | Identified a scroll of acquirement
 10692 | Lair:1   | Acquired 687 gold pieces
 10786 | D:9      | Bought a bloodstained blade talisman for 922 gold pieces
 10786 | D:9      | Identified the blade talisman of the Blessed Realm {rF+}
                  | (You bought it in a shop on level 9 of the Dungeon)
 12119 | Lair:2   | Reached XP level 14. HP: 88/115 MP: 14/14
 12465 | Lair:2   | Gained mutation: Your magical capacity is low. (-10% MP)
                  | [Ru sacrifice]
 12465 | Lair:2   | Reached **** piety under Ru
 12856 | Lair:3   | Found a hide-covered altar of Uskayaw.
 12970 | Lair:3   | Found a staircase to the Shoals.
 13239 | Lair:3   | Found a hole to the Spider Nest.
 13332 | Lair:3   | Reached skill level 16 in Unarmed Combat
 13514 | Lair:3   | Noticed Sonja
 13520 | Abyss:2  | Found a corrupted altar of Lugonu.
 13520 | Abyss:2  | Cast into level 2 of the Abyss (Sonja)
 13675 | Abyss:2  | Noticed a tentacled starspawn
 13687 | Abyss:2  | Killed a tentacled starspawn
 13765 | Abyss:2  | HP: 3/111 [rust devil (9)]
 13771 | Abyss:2  | HP: 4/111 [rust devil (4)]
 13799 | Abyss:2  | Gained mutation: You possess an exceptional clarity of
                  | mind. [potion of mutation]
 13808 | Abyss:2  | Mangled by a large abomination

Illustrated notes

Levels and vault maps discovered:
D:1:      dpeg_arrival_castle, layout_loops_ring
D:2:      layout_basic
D:3:      layout_basic, lemuel_tele_altar, dreamdust_ecumenical_altar_statues
D:4:      layout_basic, lemuel_zombie_altar_kikubaaqudgha,
          trog_three_pillars_becter
D:5:      layout_loops_ring, kennysheep_okawaru_gauntlet, serial_shops,
          nicolae_shop_hallway_plus, grunt_ministairs_6, glass_columns_b
D:6:      layout_cave_pools, led_xom_imps, lemuel_round_altar,
          minmay_temple_entry_large_hall
D:7:      layout_rooms, nemelex_dance_club_becter,
          grunt_temple_overflow_cloverleaf
D:8:      minmay_s_stair_smasher, layout_basic, serial_bayou_lagoon_b
D:9:      regret_index_early_branch_jog, layout_irregular_city, vehumet_statue,
          erik_lair_orcish_takeover, serial_demonic, serial_demonic_c,
          serial_demonic_g, serial_demonic_f, serial_demonic_d,
          kennysheep_cluttered_room
D:10:     layout_small_grid, mainiacjoe_overflow_cross_hatched,
          general_overflow_altar
D:11:     minmay_ornate_pinched, layout_basic, nicolae_shop_self_help
Temple:   nicolae_temple_bog_church
Lair:1:   layout_small_grid, nicolae_quartered_pool_little, serial_bayou_lake_a
Lair:2:   layout_regular_city, grunt_megastairs_5
Lair:3:   layout_gridlike, minmay_shoals_entry_centaurs,
          nicolae_spider_entry_orb_guardian, basic_altar, minivault_25,
          roderic_batcave, patterned_corridor, uniq_amaemon, uniq_sonja
Abyss:2:  base: D:13, hangedman_abyss_mock_shop, evilmike_abyss_exit_1,
          hangedman_abyss_batty_box

Skill      XL: |  1  2  3  4  5  6  7  8  9 10 11 12 13 14 |
---------------+-------------------------------------------+-----
Dodging        | 2 3 4 5 7 8 |  8.8
Armour         | 1 2 3 4 5 6 7 8 |  8.1
Shapeshifting  | 4 5 6 7 8 9 |  9.6
Fighting       | 2 4 6 8 10 11 12 | 12.7
Unarmed Combat | 4 6 8 11 13 14 15 16 | 16.2

Action                     |  1- 3 |  4- 6 |  7- 9 | 10-12 | 13-15 || total
---------------------------+-------+-------+-------+-------+-------++-------
  Melee: Unarmed           |    53 |    39 |    93 |   284 |   424 ||   893
   Fire: Sling             |    40 |    62 |   136 |   248 |   105 ||   591
 Invoke: Sacrifice Essence |       |       |       |     1 |     1 ||     2
         Sacrifice Artific |       |       |       |     1 |       ||     1
         Sacrifice Arcana  |       |       |       |       |     1 ||     1
         Draw Out Power    |       |       |       |       |     2 ||     2
         Power Leap        |       |       |       |       |     1 ||     1
Ability: Dig               |       |       |     1 |     2 |     1 ||     4
    Use: Scroll            |       |     4 |     2 |     3 |     4 ||    13
         Potion            |       |       |       |     7 |     5 ||    12
   Stab: Distracted        |       |       |       |     1 |       ||     1
         Paralysed         |       |       |       |       |     2 ||     2
 Armour: Scale mail        |    32 |       |     2 |       |       ||    34
         Leather armour    |     3 |    41 |    32 |       |       ||    76
         Ring mail         |       |       |    43 |   287 |   235 ||   565
  Dodge: Dodged            |    27 |    56 |    77 |   235 |   226 ||   621
   Form: Blade             |       |       |       |       |     1 ||     1
         Beast             |       |       |       |       |     1 ||     1

Table legend: (Time is in decaauts)
 A = Elapsed time spent in this place.
 B = Non-inter-level travel time spent in this place.
 C = Inter-level travel time spent in this place.
 D = Time resting spent in this place.
 E = Time spent auto-exploring this place.
 F = Levels seen in this place.
 G = Mean time per level.
                   A        B        C        D        E       F      G
               +--------+--------+--------+--------+--------+-----+--------+
         Total |  13824 |  13112 |    712 |    565 |   9455 |  16 |  864.0 |
       Dungeon |  10510 |   9885 |    625 |    426 |   7266 |  11 |  955.5 |
        Temple |     30 |     16 |     14 |      0 |      0 |   1 |   30.0 |
          Lair |   3008 |   2935 |     73 |     62 |   2186 |   3 | 1002.7 |
         Abyss |    274 |    274 |      0 |     76 |      3 |   1 |  274.0 |
               +--------+--------+--------+--------+--------+-----+--------+

Top non-repeatable levels by time:
     D:9: 1774 daAuts
  Lair:1: 1238 daAuts
  Lair:2: 1173 daAuts
     D:8: 1115 daAuts
    D:11: 1109 daAuts
     D:3: 990 daAuts
     D:5: 900 daAuts
     D:4: 898 daAuts
    D:10: 869 daAuts
     D:2: 775 daAuts
     D:1: 701 daAuts
     D:6: 698 daAuts
     D:7: 677 daAuts
  Lair:3: 596 daAuts
 Abyss:2: 274 daAuts
